 Dungeon Crawl Stone Soup version 0.20-a0-923-g548304e (webtiles) character file.

1715326 Gorglomux the Slayer (level 26, 225/225 HPs)
             Began as a Centaur Hunter on Mar 25, 2017.
             Was a High Priest of Okawaru.
             Escaped with the Orb
             ... and 3 runes on Mar 26, 2017!
             The game lasted 04:14:33 (66353 turns).

Gorglomux the Slayer (Centaur Hunter)              Turns: 66353, Time: 04:14:33

Health: 225/225    AC: 50    Str: 32    XL:     26   Next: 67%
Magic:  32/32      EV: 16    Int: 22    God:    Okawaru [*****.]
Gold:   3178       SH:  0    Dex: 19    Spells: 29/43 levels left

rFire    + . .     SeeInvis .   b - +6 longbow (freeze) {b}
rCold    + . .     Gourm    +   (shield currently unavailable)
rNeg     + . .     Faith    .   u - +5 shadow dragon scales of Least Resistance {rC- Int+6 Dex+8 Stlth++++}
rPois    +         Spirit   .   K - +0 hat of the Four of Pentacles {rElec MR+ Int+3}
rElec    +         Reflect  .   P - scarf {rC+ rF+}
rCorr    .         Harm     .   W - +2 pair of gloves {Str+3}
MR       ++++.                  A - +10 Black Knight's horse barding {ponderous, rPois rN+}
Stlth    +.........             g - amulet of Music {Gourm Str+3}
Regen    0.5/turn               l - ring of the Mage {Wiz MR++ Int+3}
MPRegen  0.3/turn               N - +6 ring of protection

@: deflect missiles, quick
A: hooves 3, iridescent scales 1, molten scales 1, cold resistance 1, deformed
body, speed 2, frail 1, low mp 1, mutation resistance 1, tough skin 3
0: Orb of Zot
}: 3/15 runes: decaying, serpentine, abyssal
a: Heroism, Finesse, Renounce Religion


You escaped.
You worshipped Okawaru.
Okawaru was extremely pleased with you.
You were very full.

You visited 9 branches of the dungeon, and saw 48 of its levels.
You visited the Abyss 2 times.
You also visited: Ossuary, Ice Cave and Volcano.

You collected 5931 gold pieces.
You spent 2753 gold pieces at shops.

Inventory:

Hand Weapons
 a - the +6 demon trident "Udusi" {vamp, *Noise rF+ Str+3}
   (Okawaru gifted it to you on level 6 of the Lair of Beasts)

   It inflicts no extra harm, but heals its wielder when it wounds a living foe.
   It affects your strength (+3).
   It protects you from fire.
   It may make noises in combat.
 b - a +6 longbow of freezing (weapon) {b}
   (Okawaru gifted it to you on level 2 of the Vaults)
 T - a +9 longbow of venom
   (Okawaru gifted it to you on level 5 of the Lair of Beasts)
Missiles
 d - 1481 arrows (quivered)
 M - 4 throwing nets {=f, !d}
Armour
 u - the +5 shadow dragon scales of Least Resistance (worn) {rC- Int+6 Dex+8 Stlth++++}
   (Okawaru gifted it to you on level 3 of the Elven Halls)

   It affects your intelligence (+6).
   It affects your dexterity (+8).
   It makes you vulnerable to cold.
   It makes you much more stealthy.
 A - the +10 Black Knight's horse barding (worn) {ponderous, rPois rN+}
   (Okawaru gifted it to you on level 5 of the Depths)

   It protects you from poison.
   It protects you from negative energy.
 I - the +4 dragonskin cloak
   (You took it off Tiamat on level 2 of the Realm of Zot)
 K - the +0 hat of the Four of Pentacles (worn) {rElec MR+ Int+3}
   (You found it on level 4 of the Vaults)

   It affects your intelligence (+3).
   It insulates you from electricity.
   It affects your resistance to hostile enchantments.
 P - a scarf of resistance (worn)
   (Okawaru gifted it to you on level 2 of the Depths)
 W - a +2 pair of gloves of strength (worn)
   (You found it on level 11 of the Dungeon)
 Y - a +2 cloak
   (You took it off a draconian shifter on level 2 of the Realm of Zot)
Jewellery
 g - the amulet of Music (around neck) {Gourm Str+3}
   (You bought it in a shop on level 1 of the Elven Halls)

   [amulet of the gourmand]

   It allows you to eat raw meat even when not hungry.
   It affects your strength (+3).
 l - the ring of the Mage (left hand) {Wiz MR++ Int+3}
   (You found it on level 4 of the Swamp)

   [ring of wizardry]

   It improves your spell success rate.
   It affects your intelligence (+3).
   It affects your resistance to hostile enchantments.
 y - the ring "Vunuw" {rPois rN+ Str+3 Stlth-}
   (You acquired it on level 5 of the Realm of Zot)

   [ring of poison resistance]

   It affects your strength (+3).
   It protects you from poison.
   It protects you from negative energy.
   It makes you less stealthy.
 G - a cursed ring of protection from cold {rC+, !d}
   (You took it off a deep elf mage on level 3 of the Elven Halls)
 N - a +6 ring of protection (right hand)
   (You found it on level 4 of the Lair of Beasts)
 R - an uncursed ring of protection from cold {rC+, !d}
   (You found it on level 5 of the Dungeon)
 X - an uncursed ring of see invisible {sInv, !d}
   (You found it on level 3 of the Depths)
 Z - an uncursed ring of protection from fire {rF+, !d}
   (You found it on level 15 of the Dungeon)
Wands
 m - a wand of acid (2/15)
   (You found it on level 3 of the Depths)
 p - a wand of clouds (6/9)
   (You found it on level 2 of the Depths)
 J - a wand of digging (13/24)
   (You found it on level 13 of the Dungeon)
 O - a wand of iceblast (15/15)
   (You found it on level 5 of the Dungeon)
 V - a wand of lightning (9/15)
   (You found it on level 6 of the Dungeon)
Scrolls
 n - a scroll of silence
 q - 8 scrolls of fog
 r - 9 scrolls of teleportation
 s - 26 scrolls of remove curse
 z - 9 scrolls of magic mapping {!r}
 C - 15 scrolls of identify
 E - 8 scrolls of fear
 F - 4 scrolls of blinking {!r}
 Q - 9 scrolls of immolation {!r}
Potions
 c - 12 potions of curing
 e - a potion of ambrosia
 h - 5 potions of invisibility
 i - 8 potions of mutation {!q}
 j - 12 potions of heal wounds
 o - 4 potions of resistance
 t - 7 potions of haste
 v - 6 potions of might
 w - a potion of berserk rage {!q}
 B - 5 potions of lignification {!q}
 D - 11 potions of flight
 H - 3 potions of agility
 L - 4 potions of cancellation
Miscellaneous
 S - a lamp of fire
   (You found it on level 9 of the Dungeon)
Comestibles
 f - 27 bread rations {@e1@e1}
 k - a fruit
 x - 24 meat rations {@e2@e2}


   Skills:
 + Level 23.2 Fighting
 - Level 13.9 Polearms
 - Level 21.2 Bows
 + Level 16.1 Armour
 + Level 16.0 Dodging
 - Level 0.5 Stealth
 + Level 9.1 Spellcasting
 + Level 11.2 Charms
 - Level 6.4 Necromancy
 + Level 10.9 Air Magic
 - Level 9.0 Invocations


You had 29 spell levels left.
You knew the following spells:

 Your Spells              Type           Power        Failure   Level  Hunger
a - Silence               Hex/Air        ####......   32%         5    ####...
d - Deflect Missiles      Chrm/Air       ######....   14%         6    ######.
r - Regeneration          Chrm/Necr      #####.....   1%          3    None


Dungeon Overview and Level Annotations

Branches:
Dungeon (15/15)            Temple (0/1) D:7            Lair (6/6) D:11
  Swamp (4/4) Lair:2        Snake (4/4) Lair:4        Slime (0/5) Lair:5
    Orc (2/2) D:12            Elf (3/3) Orc:2        Vaults (4/5) D:14
  Crypt (0/3) Vaults:2     Depths (5/5) D:15            Zot (5/5) Depths:5

Altars:
Ashenzari
Dithmenos
Elyvilon
Fedhas
Gozag
Hepliaklqana
Kikubaaqudgha
Makhleb
Nemelex Xobeh
Okawaru
Qazlal
Trog
Uskayaw
Vehumet
Wu Jian
Xom
Yredelemnul
Zin
Beogh
Jiyva

Shops:
D:6 :   D:14 !*   Orc:1 (   Orc:2 :*}*   Elf:1 }}=   Vaults:2 ?   Depths:2 :

Portals:
Hell: Depths:1 Depths:2 Depths:3 Depths:4 Depths:5
Abyss: Depths:2 Depths:4
Pandemonium: Depths:3 Depths:4
Ziggurat: Depths:2

Annotations:
D:3 Ijyb
Elf:2 3 runed doors
Depths:2 4 exclusions


Innate Abilities, Weirdness & Mutations

You have hooves in place of feet.
Armour fits poorly on your strangely shaped body.
You cover ground very quickly.
You have extremely tough skin. (AC +3)
You are partially covered in iridescent scales. (AC +2)
You are partially covered in molten scales. (AC +2)
Your flesh is cold resistant. (rC+)
You are frail. (-10% HP)
Your magical capacity is low. (-10% MP)
You are somewhat resistant to further mutation.


Message History

Aim: a chaos spawn You shoot an arrow.
The arrow hits the chaos spawn!
The arrow freezes the chaos spawn.
Aim: a chaos spawn (heavily wounded)
You shoot an arrow.
The arrow barely misses the chaos spawn.
Aim: a chaos spawn (heavily wounded)
You shoot an arrow. The arrow hits the chaos spawn.
The arrow freezes the chaos spawn.
Aim: a chaos spawn (severely wounded)
You shoot an arrow. The arrow hits the chaos spawn!
The arrow freezes the chaos spawn.
You kill the chaos spawn!
Okawaru accepts your kill.
The chaos spawn degenerates into a cloud of primal chaos!
d - 1485 arrows (gained 2)
The rock shatters into small pieces.
This wand has 13 charges left.
There is a stone staircase leading up here.
You climb upwards.
There is a stone staircase leading down here.
(D) Dungeon (T) Temple (L) Lair (S) Swamp (P) Snake Pit (M) Slime Pits (O) Orcish Mines (E) Elven Halls (V) Vaults (C) Crypt (U) Depths (H) Hell (Z) Zot
Where to? (Enter - D:11 @ (x,y), ? - help)
What level of the Dungeon? (default 1, ? - help)
There is a stone staircase leading up here.
You climb upwards.
There is a stone staircase leading down here.
There is a stone staircase leading up here.
You climb upwards.
There is a stone staircase leading down here.
A sixfirhy comes into view.
Aim: a sixfirhy You shoot an arrow.
The arrow hits the sixfirhy.
The arrow freezes the sixfirhy.
Aim: a sixfirhy (lightly wounded)
You shoot an arrow. The arrow hits the sixfirhy!
The arrow freezes the sixfirhy!
Aim: a sixfirhy (severely wounded)
You shoot an arrow. The arrow hits the sixfirhy!
The arrow freezes the sixfirhy.
You kill the sixfirhy!
Okawaru accepts your kill.
No target in view!
No target in view!
(D) Dungeon (T) Temple (L) Lair (S) Swamp (P) Snake Pit (M) Slime Pits (O) Orcish Mines (E) Elven Halls (V) Vaults (C) Crypt (U) Depths (H) Hell (Z) Zot
Where to? (Enter - D:1 @ (x,y), ? - help)
There is a stone staircase leading up here.
You climb upwards.
There is a stone staircase leading down here.
There is a stone staircase leading up here.
You climb upwards.
There is a stone staircase leading down here.
There is a stone staircase leading up here.
You climb upwards.
There is a stone staircase leading down here.
There is a stone staircase leading up here.
You climb upwards.
There is a stone staircase leading down here.
There is a stone staircase leading up here.
You climb upwards.
Level annotation: Ijyb
There is a stone staircase leading down here.
Things that are here:
a dagger x2
There is a stone staircase leading up, spattered with blood here.
You climb upwards.
There is a stone staircase leading down here.
There is an escape hatch in the floor here.
A glowing orange brain comes into view.
Aim: a glowing orange brain You shoot an arrow.
The arrow hits the glowing orange brain!!!
The arrow freezes the glowing orange brain!!
You kill the glowing orange brain!
Okawaru accepts your kill.
Your Dodging skill increases to level 16!
No target in view!
No target in view!
No target in view!
(D) Dungeon (T) Temple (L) Lair (S) Swamp (P) Snake Pit (M) Slime Pits (O) Orcish Mines (E) Elven Halls (V) Vaults (C) Crypt (U) Depths (H) Hell (Z) Zot
Where to? (Enter - D:1 @ (x,y), ? - help)
There is a stone staircase leading up here.
You climb upwards.
There is a stone staircase leading down here.
There is a staircase leading out of the dungeon here.
(D) Dungeon (T) Temple (L) Lair (S) Swamp (P) Snake Pit (M) Slime Pits (O) Orcish Mines (E) Elven Halls (V) Vaults (C) Crypt (U) Depths (H) Hell (Z) Zot
Where to? (Enter - D:1 @ (x,y), ? - help)
Okay, then.
You have escaped!

....###........#####.#..# ##..#
#...###### #..#.## ##..# #####
##.#..#
....#################..#.##
..........................#
##...##########.........#.#####
###..# #.###..........≈# # ##.#
#.###.....≈≈≈≈≈≈# # #.#
#.@.....≈≈≈≈≈≈≈≈# # ##.######
#......≈≈≈≈≈≈≈≈≈# # #.......#
#.....≈≈≈≈≈≈≈≈≈≈# # #..####.#
#.....≈≈≈≈≈≈≈≈≈≈# # #..####.#
#....≈≈≈≈≈≈≈≈≈≈≈# # #....##.#
#....≈≈≈≈≈≈≈≈≈≈≈# #.##.##.#
#...≈≈≈≈≈≈≈≈≈≈≈≈# ###.##.##.#
##...≈≈≈≈≈≈≈≈≈≈≈≈# .##.......#
#...≈≈≈≈≈≈≈≈≈≈≈_≈


There were no monsters in sight!

Vanquished Creatures
  Tiamat (Zot:2)
  3 orbs of fire (Zot:5)
  Mara (Vaults:3)
  2 ancient liches (Zot:5)
  A juggernaut (Depths:2)
  Sojobo (Vaults:2)
  Margery (Vaults:3)
  3 curse toes (Zot:5)
  7 Killer Klowns (Zot:5)
  Xtahua (Depths:5)
  4 golden dragons
  A Brimstone Fiend (Zot:5)
  4 electric golems
  10 tentacled monstrosities
  3 liches
  27 Orb Guardians
  2 deep elf master archers (Elf:3)
  3 quicksilver dragons
  2 deep elf blademasters (Elf:3)
  4 tentacled starspawn
  3 sphinxes
  4 death cobs
  5 thorn hunters
  3 shadow dragons
  Kirke (Swamp:2)
  Donald (Swamp:1)
  4 draconian monks
  8 nagarajas (Snake:4)
  12 storm dragons
  4 tengu reavers
  Roxanne (D:15)
  5 fire giants
  3 draconian knights (Depths:5)
  12 frost giants
  An iron dragon (Depths:3)
  7 vault wardens
  5 deep elf sorcerers
  A cacodemon (Zot:1)
  3 draconian scorchers (Zot:2)
  Aizul (Snake:4)
  7 ironheart preservers
  A ghoul (Vaults:1)
  2 ghost moths (Zot:1)
  A draconian stormcaller (Zot:2)
  An angel (Abyss:1)
  5 draconian shifters (Zot:2)
  29 very ugly things
  19 stone giants
  5 deep elf elementalists (Elf:3)
  4 draconian annihilators
  An entropy weaver (Vaults:1)
  11 green draconians
  A vampire knight (Depths:3)
  6 deep elf demonologists
  Nessos (D:13)
  9 white draconians
  44 slime creatures
  6 deep elf annihilators (Elf:3)
  10 yellow draconians
  10 black draconians
  A purple draconian (shapeshifter) (Depths:5)
  Azrael (D:15)
  8 red draconians
  9 purple draconians
  6 spark wasps
  A blizzard demon (Depths:4)
  4 merfolk javelineers
  15 ettins
  A deep elf death mage (Elf:3)
  3 jiangshi
  Josephine (Swamp:1)
  13 yaktaur captains
  10 fire dragons
  5 deep elf high priests
  2 merfolk impalers (Depths:4)
  15 ogre magi
  8 great orbs of eyes
  16 ice dragons
  2 hell beasts
  7 vault guards
  5 rakshasas
  A ghost crab (Swamp:3)
  A monstrous demonspawn (Depths:4)
  22 hydras
  2 spriggan air magi
  13 naga warriors
  7 anacondas
  A merfolk avatar (Lair:6)
  13 centaur warriors
  19 dancing weapons
  12 alligators
  3 tengu warriors
  2 death knights
  44 two-headed ogres
  5 deep troll shamans
  8 deep troll earth magi
  A vampire mage (D:15)
  A satyr (Abyss:3)
  4 thrashing horrors (Abyss:3)
  4 spriggan berserkers
  An orc high priest (Orc:1)
  9 shock serpents
  30 naga sharpshooters
  2 soul eaters
  A fire crab (Swamp:4)
  7 deep elf knights
  3 iron trolls
  2 sun demons
  4 wretched stars (Abyss:3)
  4 sixfirhies
  12 hell knights
  A shadow wraith (Vaults:1)
  4 salamander mystics
  An unseen horror (D:11)
  A spark wasp zombie (Depths:3)
  A spriggan druid (Swamp:4)
  3 glowing orange brains
  8 sea snakes (Snake:3)
  13 swamp dragons
  21 deep trolls
  3 flayed ghosts
  6 wizards
  4 shambling mangroves
  13 naga ritualists
  7 deep elf archers
  4 phantasmal warriors
  10 orc knights
  Pikel (D:6)
  4 harpies (Vaults:3)
  8 ironbrand convokers
  3 lindwurms
  11 necromancers
  5 orc sorcerers
  A harpy (shapeshifter) (Vaults:4)
  3 wolf spiders
  A wolf spider (shapeshifter) (Depths:3)
  89 ugly things
  13 mana vipers
  12 cyclopes
  14 moths of wrath
  A manticore (shapeshifter) (Depths:4)
  55 deep elf magi
  A salamander (shapeshifter) (Depths:3)
  4 manticores
  8 salamanders
  15 elephants
  2 worldbinders (Abyss:3)
  3 guardian serpents
  3 centaur zombies
  An ice statue (IceCv)
  3 rust devils
  An eye of devastation (shapeshifter) (Vaults:3)
  16 vault sentinels
  A fire giant skeleton (Depths:3)
  A torpor snail (Lair:3)
  4 smoke demons
  An apocalypse crab (Abyss:3)
  35 black mambas
  A guardian serpent (shapeshifter) (Depths:5)
  2 orange demons (Zot:1)
  A molten gargoyle (Volcano)
  18 naga magi
  A rime drake (shapeshifter) (Depths:2)
  3 gargoyles
  16 spiny frogs
  The ghost of Malvoorn the Chopper, a novice FoAK of Lugonu (D:4)
  3 efreet
  55 yaktaurs
  6 rime drakes
  2 ice devils
  19 komodo dragons
  3 ancient zymes (Abyss:3)
  2 red devils (Depths:4)
  4 tengu conjurers
  4 freezing wraiths
  13 trolls
  5 hellwings
  2 jumping spiders (shapeshifter) (Depths:5)
  9 tyrant leeches
  3 wind drakes (Lair:6)
  5 meliai
  2 wolf spider simulacra (D:15)
  18 hornets
  16 polar bears
  26 blink frogs
  9 raiju (Abyss:3)
  3 bog bodies
  A meliai zombie (D:13)
  20 dream sheep
  2 frost giant simulacra
  10 hippogriffs
  A raiju (shapeshifter) (Depths:3)
  A hippogriff (shapeshifter) (Vaults:3)
  6 spriggans
  3 ynoxinuls (Abyss:3)
  An ettin skeleton (Vaults:3)
  3 shadows
  6 air elementals
  2 redbacks (Vaults:1)
  A yak (shapeshifter) (Depths:4)
  A wyvern (shapeshifter) (Vaults:2)
  8 starcursed masses (Abyss:3)
  12 water elementals
  9 wraiths
  A centaur simulacrum (D:15)
  8 fire bats (Volcano)
  3 vampires (D:14)
  A hog (shapeshifter) (D:13)
  A spriggan skeleton (Depths:2)
  44 yaks
  A hog (Swamp:3)
  16 humans (D:14)
  6 fire elementals
  3 hungry ghosts
  3 basilisks
  19 vampire mosquitoes
  2 chaos spawn
  2 neqoxecs
  5 steam dragons
  22 swamp worms
  4 insubstantial wisps (Swamp:2)
  2 wargs
  6 large abominations (Abyss:3)
  68 nagas
  4 acid dragons
  2 hell hounds (D:15)
  A soldier ant (shapeshifter) (Vaults:1)
  Duvessa (D:6)
  13 water moccasins
  17 swamp drakes
  11 porcupines
  3 eyes of draining
  4 ice beasts
  A slave (D:6)
  33 orc warriors
  44 ogres
  4 phantoms
  A black bear (D:6)
  A black bear (shapeshifter) (Elf:1)
  7 necrophages
  4 sky beasts
  15 wolves
  3 boggarts (Vaults:1)
  31 centaurs
  11 crocodiles
  5 small abominations (Abyss:3)
  3 big kobolds
  17 bullfrogs
  A human skeleton (Vaults:3)
  Dowan (D:6)
  3 scorpions
  An orc simulacrum (Vaults:1)
  15 killer bees
  9 wights
  2 howler monkeys
  6 electric eels
  14 crimson imps
  9 lava snakes
  7 hounds
  5 jellies
  2 quasits
  7 centaur skeletons
  19 orc priests
  3 bullfrog skeletons
  An iron imp (Abyss:3)
  6 iguanas
  28 orc wizards
  A yak simulacrum (D:15)
  17 worker ants
  7 wolf simulacra (D:15)
  A big kobold zombie (Ossuary)
  A hound zombie (D:6)
  A hound skeleton (D:4)
  8 mummies (Ossuary)
  Robin (D:2)
  A worker ant zombie (D:11)
  8 gnolls
  A river rat (shapeshifter) (Vaults:3)
  19 adders
  4 shadow imps
  3 white imps
  An ufetubus (Abyss:3)
  2 oozes (D:1)
  An adder zombie (D:6)
  3 worms
  A dart slug (D:1)
  8 leopard geckos
  97 orcs
  2 ball pythons
  7 giant cockroaches
  2 gnoll zombies (Ossuary)
  16 goblins
  4 hobgoblins
  18 jackals
  2 quokkas (D:2)
  6 bats
  4 frilled lizards
  2 hobgoblin zombies (Ossuary)
  17 kobolds
  2 kobold zombies (Ossuary)
  An orc zombie (Ossuary)
  2 quokka skeletons
  6 rats
  3 river rat simulacra (D:15)
  2 fungi
  A lurking horror (Abyss:3)
  A plant (Lair:3)
  4 starspawn tentacles (Abyss:3)
2348 creatures vanquished.

Vanquished Creatures (others)
  An ancient lich (Zot:5)
  A fire giant (Depths:4)
  A red devil (Zot:5)
  A steam dragon (Swamp:4)
  A human (Swamp:3)
  An emperor scorpion simulacrum (Abyss:3)
  A chaos spawn (Abyss:3)
  A swamp drake (Swamp:4)
  An orc (Orc:1)
  7 fungi
  A lurking horror (Abyss:3)
  8 plants
  10 starspawn tentacles (Abyss:3)
35 creatures vanquished.

Grand Total: 2383 creatures vanquished

Notes
Turn   | Place    | Note
-------+----------+-------------------------------------------
     0 | D:1      | Gorglomux the Centaur Hunter began the quest for the Orb.
     0 | D:1      | Reached XP level 1. HP: 17/17 MP: 1/1
    67 | D:1      | Reached XP level 2. HP: 7/25 MP: 2/2
   488 | D:1      | HP: 3/25 [leopard gecko (5)]
  1002 | D:1      | Reached XP level 3. HP: 27/30 MP: 3/3
  1127 | D:1      | Reached skill level 3 in Fighting
  1524 | D:1      | Found an iron altar of Okawaru.
  1588 | D:2      | Reached skill level 6 in Bows
  1824 | D:2      | Found a shadowy altar of Dithmenos.
  1946 | D:2      | Reached XP level 4. HP: 38/38 MP: 4/4
  2389 | D:3      | Found a blossoming altar of Fedhas.
  2429 | D:3      | Found a stormy altar of Qazlal.
  2457 | D:3      | Noticed Ijyb
  2466 | D:3      | HP: 8/40 [Ijyb/wand of lightning (?/15) (8)]
  2476 | D:2      | Gorglomux: ??ijyb
  2476 | D:2      | beem: ijyb[1/2]: Unique goblin. Level is hers! All hers! she chop your head off! Especially if she spawns with a wand - of all the uniques with less than 5 HD, and of all the D:2 uniques, she's the only one that can spawn with a high-tier wand (acid, lightning, paralysis).
  2476 | D:2      | Gorglomux: o5
  2814 | D:3      | Noticed Robin
  2869 | D:3      | Reached skill level 4 in Fighting
  2893 | D:2      | Killed Robin
  2893 | D:2      | Reached XP level 5. HP: 16/46 MP: 5/5
  3132 | D:3      | Found a faded altar of an unknown god.
  3558 | D:3      | Reached skill level 7 in Bows
  3943 | D:4      | Noticed an ogre
  3963 | D:4      | Killed an ogre
  3963 | D:4      | Reached XP level 6. HP: 54/55 MP: 6/6
  4162 | D:4      | Reached skill level 5 in Fighting
  4162 | D:4      | Reached skill level 8 in Bows
  4433 | D:4      | Reached XP level 7. HP: 61/61 MP: 7/7
  4781 | D:4      | Noticed Malvoorn's ghost (novice FoAK)
  4938 | D:4      | HP: 15/62 [Malvoorn's ghost (7)]
  4966 | D:4      | Killed Malvoorn's ghost
  4966 | D:4      | Reached skill level 6 in Fighting
  4966 | D:4      | Reached skill level 9 in Bows
  5257 | D:5      | Entered Level 5 of the Dungeon
  5382 | D:5      | Found a sand-covered staircase.
  5386 | Ossuary  | Entered an ossuary
  5430 | Ossuary  | Reached XP level 8. HP: 55/71 MP: 8/8
  5478 | Ossuary  | Reached skill level 7 in Fighting
  5482 | Ossuary  | Reached skill level 10 in Bows
  6193 | D:5      | Found an ancient bone altar of Kikubaaqudgha.
  6194 | D:5      | Found an ornate altar of the Wu Jian Council.
  6715 | D:6      | Found an opulent altar of Gozag.
  6745 | D:6      | Reached skill level 11 in Bows
  6845 | D:6      | Reached skill level 8 in Fighting
  6886 | D:6      | Noticed Duvessa
  6894 | D:6      | Noticed Dowan
  6931 | D:6      | Killed Duvessa
  6942 | D:6      | Killed Dowan
  7088 | D:6      | HP: 11/75 [orc warrior/halberd (10)]
  7091 | D:6      | Found Apanieb's Book Emporium.
  7233 | D:6      | Got a heavily runed ring mail
  7241 | D:6      | Reached XP level 9. HP: 71/82 MP: 9/9
  7391 | D:6      | Got a slimy chain mail
  7415 | D:5      | Found a radiant altar of Vehumet.
  7565 | D:6      | Reached skill level 12 in Bows
  7569 | D:6      | Reached skill level 9 in Fighting
  7762 | D:6      | Found a bloodstained altar of Trog.
  7763 | D:6      | Found an iron altar of Okawaru.
  7772 | D:6      | Became a worshipper of Warmaster Okawaru
  7841 | D:6      | Found a sparkling altar of Nemelex Xobeh.
  7895 | D:6      | Noticed Pikel
  7931 | D:6      | Killed Pikel
  7966 | D:6      | Found a shattered altar of Ashenzari.
  8066 | D:7      | You fall through a shaft for 2 floors!
  8066 | D:9      | Found a hazy altar of Hepliaklqana.
  8327 | D:9      | Reached skill level 13 in Bows
  8365 | D:9      | Reached * piety under Okawaru
  8365 | D:9      | Reached skill level 10 in Fighting
  8556 | D:9      | Identified the +8 chain mail of Capaudol {Int+4 Dex+4 Stlth+} (You took it off an orc on level 6 of the Dungeon)
  8566 | D:9      | Identified the +3 ring mail "Alleczey" {Dex+3} (You found it on level 6 of the Dungeon)
  8752 | D:8      | Found a radiant altar of Vehumet.
  9017 | D:7      | Reached XP level 10. HP: 75/94 MP: 10/10
  9049 | D:7      | Found a staircase to the Ecumenical Temple.
  9236 | D:7      | Reached ** piety under Okawaru
  9360 | D:7      | Found a basalt altar of Yredelemnul.
 10345 | D:9      | Reached skill level 1 in Polearms
 10345 | D:9      | Reached skill level 1 in Invocations
 10426 | D:9      | Found a white marble altar of Elyvilon.
 10558 | D:9      | Reached skill level 2 in Invocations
 10694 | D:9      | Noticed a two-headed ogre
 10712 | D:9      | Killed a two-headed ogre
 10712 | D:9      | Reached *** piety under Okawaru
 10712 | D:9      | Reached skill level 11 in Fighting
 10712 | D:9      | Reached skill level 2 in Polearms
 10712 | D:9      | Reached skill level 3 in Invocations
 10788 | D:10     | Entered Level 10 of the Dungeon
 11035 | D:10     | Reached skill level 3 in Polearms
 11206 | D:10     | Received a gift from Okawaru
 11296 | D:10     | Reached skill level 4 in Invocations
 11735 | D:11     | Found a staircase to the Lair.
 11741 | D:11     | Reached skill level 4 in Polearms
 11756 | D:10     | Reached **** piety under Okawaru
 11875 | D:10     | Reached XP level 11. HP: 92/103 MP: 14/14
 11880 | D:10     | Reached skill level 5 in Invocations
 12183 | D:11     | Received a gift from Okawaru
 12246 | D:11     | Noticed a five-headed hydra
 12272 | D:11     | Killed a five-headed hydra
 12376 | D:11     | Reached skill level 5 in Polearms
 12481 | D:11     | Noticed a white ugly thing
 12534 | D:11     | Killed a white ugly thing
 12534 | D:11     | Reached skill level 12 in Fighting
 12534 | D:11     | Reached skill level 6 in Invocations
 12918 | D:11     | Reached ***** piety under Okawaru
 12918 | D:11     | Received a gift from Okawaru
 13356 | D:11     | Noticed a red ugly thing
 13390 | D:11     | Killed a red ugly thing
 13587 | D:11     | Reached skill level 6 in Polearms
 13599 | D:11     | Reached skill level 7 in Invocations
 13914 | D:11     | Killed an unseen horror
 14018 | Lair:1   | Entered Level 1 of the Lair of Beasts
 14322 | Lair:1   | Noticed a six-headed hydra
 14328 | Lair:1   | Killed a six-headed hydra
 14328 | Lair:1   | Reached skill level 8 in Invocations
 14889 | Lair:2   | Reached XP level 12. HP: 113/113 MP: 18/18
 14981 | Lair:2   | Reached skill level 7 in Polearms
 15007 | Lair:2   | Received a gift from Okawaru
 15129 | Lair:2   | Noticed a four-headed hydra
 15143 | Lair:2   | Killed a four-headed hydra
 15143 | Lair:2   | Reached skill level 13 in Fighting
 15160 | Lair:2   | Found a shattered altar of Ashenzari.
 15242 | Lair:2   | Received a gift from Okawaru
 15411 | Lair:2   | Received a gift from Okawaru
 15411 | Lair:2   | Reached skill level 9 in Invocations
 15581 | Lair:2   | Found a staircase to the Swamp.
 15993 | Lair:3   | Noticed a six-headed hydra
 15997 | Lair:3   | Killed a six-headed hydra
 15997 | Lair:3   | Reached skill level 8 in Polearms
 16210 | Lair:3   | Noticed a six-headed hydra
 16217 | Lair:3   | Killed a six-headed hydra
 16674 | Lair:4   | Received a gift from Okawaru
 16812 | Lair:4   | Found a staircase to the Snake Pit.
 16888 | Lair:4   | Reached skill level 9 in Polearms
 17135 | Lair:4   | Reached skill level 14 in Fighting
 17185 | Lair:4   | Reached ****** piety under Okawaru
 17380 | Lair:4   | Found a dark tunnel.
 17388 | Volcano  | Entered a volcano
 17461 | Volcano  | Reached XP level 13. HP: 71/124 MP: 19/19
 17775 | Volcano  | Received a gift from Okawaru
 17842 | Volcano  | Found a bloodstained altar of Trog.
 17851 | Volcano  | HP: 26/124 [molten gargoyle/flail (8)]
 17866 | Volcano  | HP: 29/125 [yaktaur (6)]
 18173 | Volcano  | Noticed a red draconian
 18183 | Volcano  | Killed a red draconian
 18183 | Volcano  | Reached skill level 10 in Polearms
 18306 | Lair:4   | Reached skill level 1 in Armour
 18852 | Lair:5   | You fall through a shaft!
 18852 | Lair:6   | Entered Level 6 of the Lair of Beasts
 19050 | Lair:6   | Reached skill level 2 in Armour
 19405 | Lair:6   | Received a gift from Okawaru
 19445 | Lair:5   | Reached skill level 3 in Armour
 19585 | Lair:5   | Found a viscous altar of Jiyva.
 19586 | Lair:5   | Found a staircase to the Slime Pits.
 19724 | Lair:5   | Received a gift from Okawaru
 19732 | Lair:5   | Reached skill level 15 in Fighting
 19767 | Lair:5   | Gorglomux: ??longbox
 19767 | Lair:5   | beem: longbox ~ longbow[1/1]: Like a {shortbow}, but longer. 15 base damage, 1.7 base delay, 0.7 mindelay. Fires arrows. Small species (e.g. halflings) can't wield these. Try taking one from harmless monsters like centaur warriors, deep elf master archers, or Nessos!
 19767 | Lair:5   | Gorglomux: ??bow
 19767 | Lair:5   | beem: bow[1/2]: (acc,dam,delay,mindelay): short bow (+2/9/1.3/0.6), longbow (+0/15/1.7/0.7). All bows are two-handed and fire arrows.
 19767 | Lair:5   | Gorglomux: ??brandf
 19767 | Lair:5   | beem: brandf ~ brands ~ weapon brands[1/3]: See any of {vorpal}, {flaming}, {freezing}, {holy wrath}, {draining}, {electrocution}, {pain}, {distortion}, {vampiric}, {speed}, {venom}, {antimagic}, {chaos}
 19767 | Lair:5   | Gorglomux: ??brand[2
 19767 | Lair:5   | beem: brand ~ brands ~ weapon brands[2/3]: Vorpal, flaming, freezing, holy wrath and draining affect damage by multiplying the base damage. This means that your randart +9 hammer with a holy wrath brand is still awful, even against demons.
 19767 | Lair:5   | Gorglomux: ??brand[3
 19767 | Lair:5   | beem: brand ~ brands ~ weapon brands[3/3]: For the brand weights by weapon type: !source item-prop.cc
 19879 | Lair:5   | Reached skill level 14 in Bows
 19886 | Lair:5   | Reached skill level 2 in Dodging
 20390 | Lair:5   | Received a gift from Okawaru
 20499 | Lair:6   | Reached skill level 4 in Armour
 20522 | Lair:6   | Reached XP level 14. HP: 128/135 MP: 18/20
 20589 | Lair:6   | Received a gift from Okawaru
 20589 | Lair:6   | Reached skill level 3 in Dodging
 20610 | Lair:6   | Got a bloodstained demon trident {god gift}
 20611 | Lair:6   | Identified the +6 demon trident "Udusi" {vamp, *Noise rF+ Str+3} (Okawaru gifted it to you on level 6 of the Lair of Beasts)
 20786 | Lair:6   | Reached skill level 15 in Bows
 21132 | Lair:6   | Found a shimmering altar of Xom.
 21251 | Lair:6   | Reached skill level 4 in Dodging
 21729 | D:12     | Received a gift from Okawaru
 22591 | D:12     | Reached skill level 11 in Polearms
 22910 | D:12     | Received a gift from Okawaru
 22914 | D:12     | Reached skill level 5 in Armour
 23354 | D:12     | Found a staircase to the Orcish Mines.
 23445 | D:13     | Noticed Nessos
 23451 | D:13     | Killed Nessos
 23503 | D:13     | Reached skill level 16 in Bows
 24059 | D:13     | Found a large runed door.
 24059 | D:13     | Found a large runed door.
 24085 | D:13     | Received a gift from Okawaru
 24091 | D:13     | Reached skill level 5 in Dodging
 24167 | D:14     | Received a gift from Okawaru
 24167 | D:14     | Reached XP level 15. HP: 132/143 MP: 21/21
 24669 | D:14     | Found Heotas's Blood Bar.
 24818 | D:14     | Reached skill level 17 in Bows
 24901 | D:14     | Found a gate to the Vaults.
 25082 | D:14     | Reached skill level 16 in Fighting
 25191 | D:14     | Reached skill level 6 in Armour
 25203 | D:14     | Received a gift from Okawaru
 25248 | D:14     | Found Elleidieggi's Distillery.
 25252 | D:14     | Bought a potion of curing for 45 gold pieces
 25252 | D:14     | Bought a potion of might for 60 gold pieces
 25252 | D:14     | Bought a potion of heal wounds for 75 gold pieces
 25252 | D:14     | Bought a potion of cancellation for 120 gold pieces
 25252 | D:14     | Bought a potion of agility for 60 gold pieces
 25252 | D:14     | Bought a potion of heal wounds for 75 gold pieces
 25252 | D:14     | Bought a potion of resistance for 150 gold pieces
 25397 | D:14     | Got a faintly humming ring mail {god gift}
 25549 | D:14     | Identified the +1 ring mail "Dix Nic" {rN+ Stlth+} (Okawaru gifted it to you on level 14 of the Dungeon)
 25793 | D:15     | Entered Level 15 of the Dungeon
 25814 | D:14     | HP: 22/144 [white ugly thing (32)]
 25851 | D:14     | HP: 26/144 [purple ugly thing (5)]
 26305 | D:15     | Found a frozen archway.
 26320 | IceCv    | Entered an ice cave
 26500 | IceCv    | Reached skill level 6 in Dodging
 26586 | IceCv    | Noticed a frost giant
 26622 | IceCv    | Killed a frost giant
 26681 | IceCv    | Got a heavily runed hat
 26692 | IceCv    | Identified the +0 hat of the Lonely Stars {rC- Regen+ rCorr SInv} (You found it in an ice cave)
 27104 | D:15     | Noticed Azrael
 27115 | D:15     | Killed Azrael
 27186 | D:15     | Reached skill level 18 in Bows
 27349 | D:15     | Reached XP level 16. HP: 151/151 MP: 17/22
 27482 | D:15     | Noticed Roxanne
 27504 | D:15     | Killed Roxanne
 27508 | D:15     | Identified Roxanne's Handbook of Changing (You took it off Roxanne on level 15 of the Dungeon)
 27782 | D:15     | Reached skill level 12 in Polearms
 27811 | D:15     | Received a gift from Okawaru
 27860 | D:15     | Found a shadowy altar of Dithmenos.
 27986 | D:15     | Found a staircase to the Depths.
 28346 | Orc:1    | Entered Level 1 of the Orcish Mines
 28448 | Orc:2    | Entered Level 2 of the Orcish Mines
 28459 | Orc:2    | Received a gift from Okawaru
 28582 | Orc:1    | Found Tumaqim's Antique Weapon Shoppe.
 28926 | Orc:2    | Found a roughly hewn altar of Beogh.
 29051 | Orc:2    | Found a staircase to the Elven Halls.
 29116 | Orc:2    | Reached skill level 7 in Armour
 29119 | Orc:2    | Received a gift from Okawaru
 29177 | Orc:2    | Received a gift from Okawaru
 29224 | Orc:2    | Found Qiutig's General Store.
 29225 | Orc:2    | Found Veonil's General Store.
 29241 | Orc:2    | Found Boudi's Book Shop.
 29245 | Orc:2    | Bought a scroll of identify for 28 gold pieces
 29245 | Orc:2    | Bought a potion of curing for 42 gold pieces
 29245 | Orc:2    | Bought a potion of curing for 42 gold pieces
 29326 | Orc:2    | Reached skill level 7 in Dodging
 29328 | Orc:2    | Reached skill level 19 in Bows
 29352 | Orc:2    | Found Raemypn's Gadget Emporium.
 29736 | Snake:1  | Entered Level 1 of the Snake Pit
 31349 | Snake:2  | Received a gift from Okawaru
 31557 | Snake:2  | Reached XP level 17. HP: 116/160 MP: 23/23
 31973 | Snake:2  | Found an ancient bone altar of Kikubaaqudgha.
 32535 | Snake:3  | Reached skill level 20 in Bows
 32606 | Snake:3  | Received a gift from Okawaru
 32606 | Snake:3  | Reached skill level 17 in Fighting
 32610 | Snake:3  | Got an encrusted cloak {god gift}
 32621 | Snake:3  | Identified the -3 cloak of Generosity {rElec} (Okawaru gifted it to you on level 3 of the Snake Pit)
 32760 | Snake:3  | Found a glowing silver altar of Zin.
 32874 | Snake:3  | Reached skill level 8 in Armour
 32896 | Snake:3  | Got a tattered robe
 33127 | Snake:3  | Reached skill level 8 in Dodging
 33464 | Snake:4  | Entered Level 4 of the Snake Pit
 33552 | Snake:4  | Noticed Aizul
 33564 | Snake:4  | Killed Aizul
 33781 | Snake:4  | Reached skill level 13 in Polearms
 34372 | Snake:4  | Received a gift from Okawaru
 34646 | Snake:4  | Reached XP level 18. HP: 151/170 MP: 17/24
 34651 | Snake:4  | Received a gift from Okawaru
 34659 | Snake:4  | Reached skill level 21 in Bows
 34749 | Snake:4  | HP: 40/170 [naga sharpshooter/bolt (16)]
 34754 | Snake:4  | HP: 37/170 [poisoned by a naga sharpshooter (splash of poison)]
 34759 | Snake:4  | HP: 34/170 [poisoned by a naga sharpshooter (splash of poison)]
 34764 | Snake:4  | HP: 32/170 [poisoned by a naga sharpshooter (splash of poison)]
 34770 | Snake:4  | HP: 32/170 [poisoned by a naga sharpshooter (splash of poison)]
 34775 | Snake:4  | HP: 33/170 [poisoned by a naga sharpshooter (splash of poison)]
 34780 | Snake:4  | HP: 35/170 [poisoned by a naga sharpshooter (splash of poison)]
 34787 | Snake:4  | HP: 38/170 [poisoned by a naga sharpshooter (splash of poison)]
 34795 | Snake:4  | HP: 42/170 [poisoned by a naga sharpshooter (splash of poison)]
 35072 | Snake:4  | Got a crude centaur barding {god gift}
 35189 | Snake:4  | Got a serpentine rune of Zot
 35614 | Snake:4  | Upgraded the game from 0.20-a0-920-gb18bc0f to 0.20-a0-923-g548304e
 35710 | Swamp:1  | Entered Level 1 of the Swamp
 35906 | Swamp:1  | Reached skill level 9 in Armour
 35986 | Swamp:1  | Noticed Donald
 35997 | Swamp:1  | Killed Donald
 35997 | Swamp:1  | Received a gift from Okawaru
 36014 | Swamp:1  | Reached skill level 9 in Dodging
 36045 | Swamp:1  | Identified the +2 centaur barding "Taihajem" {rC+ Int+2 Slay+2} (Okawaru gifted it to you on level 4 of the Snake Pit)
 36260 | Swamp:1  | Noticed Josephine
 36268 | Swamp:1  | Killed Josephine
 37030 | Swamp:2  | Received a gift from Okawaru
 37039 | Swamp:2  | Got a crude centaur barding {god gift}
 37473 | Swamp:2  | Reached skill level 18 in Fighting
 37684 | Swamp:3  | Noticed Kirke
 37701 | Swamp:2  | Identified the +4 centaur barding "Jalili" {rN+ Str+4} (Okawaru gifted it to you on level 2 of the Swamp)
 37732 | Swamp:2  | Killed Kirke
 38309 | Swamp:3  | Identified a scroll of acquirement
 38868 | Swamp:4  | Entered Level 4 of the Swamp
 38896 | Swamp:3  | Reached XP level 19. HP: 129/179 MP: 25/25
 39227 | Swamp:4  | Reached skill level 10 in Armour
 39285 | Swamp:4  | Reached skill level 10 in Dodging
 39388 | Swamp:4  | Got a decaying rune of Zot
 39447 | Swamp:4  | Received a gift from Okawaru
 40243 | Vaults:1 | Entered Level 1 of the Vaults
 42299 | Vaults:2 | Reached skill level 19 in Fighting
 42343 | Vaults:2 | Received a gift from Okawaru
 42579 | Vaults:2 | Reached skill level 11 in Armour
 42624 | Vaults:2 | Received a gift from Okawaru
 42808 | Vaults:2 | Noticed Sojobo
 42819 | Vaults:2 | HP: 43/182 [tengu reaver/bolt of lightning[Sojobo] (8)]
 42824 | Vaults:2 | HP: 43/182 [poisoned by a tengu reaver (poison gas)]
 42829 | Vaults:2 | HP: 43/182 [poisoned by a tengu reaver (poison gas)]
 42836 | Vaults:2 | HP: 45/182 [poisoned by a tengu reaver (poison gas)]
 42842 | Vaults:2 | HP: 32/182 [air elemental[Sojobo] (4)]
 42849 | Vaults:2 | HP: 34/182 [poisoned by a tengu reaver (poison gas)]
 42857 | Vaults:2 | HP: 38/182 [poisoned by a tengu reaver (poison gas)]
 43066 | Vaults:2 | Reached skill level 11 in Dodging
 43240 | Vaults:2 | Reached XP level 20. HP: 190/191 MP: 26/26
 43317 | Vaults:2 | Received a gift from Okawaru
 43411 | Vaults:2 | Found a staircase to the Crypt.
 43622 | Vaults:2 | Found Weunla's Magic Scroll Boutique.
 43626 | Vaults:2 | Bought a scroll of blinking for 127 gold pieces
 43626 | Vaults:2 | Bought a scroll of blinking for 127 gold pieces
 43730 | Vaults:2 | Killed Sojobo
 43730 | Vaults:2 | Received a gift from Okawaru
 43746 | Vaults:2 | Received a gift from Okawaru
 44046 | Vaults:3 | Noticed Margery
 44061 | Vaults:3 | Killed Margery
 44692 | Vaults:3 | Noticed Mara
 44694 | Vaults:3 | Noticed Gorglomux's illusion
 44721 | Vaults:3 | Killed Mara
 44721 | Vaults:3 | Received a gift from Okawaru
 44721 | Vaults:3 | Reached skill level 12 in Armour
 44736 | Vaults:3 | HP: 47/193 [poisoned by Gorglomux's illusion]
 44741 | Vaults:3 | HP: 41/193 [poisoned by Gorglomux's illusion]
 44746 | Vaults:3 | HP: 37/193 [poisoned by Gorglomux's illusion]
 44751 | Vaults:3 | HP: 36/193 [poisoned by Gorglomux's illusion]
 44756 | Vaults:3 | HP: 36/193 [poisoned by Gorglomux's illusion]
 44761 | Vaults:3 | HP: 37/193 [poisoned by Gorglomux's illusion]
 44766 | Vaults:3 | HP: 39/193 [poisoned by Gorglomux's illusion]
 44773 | Vaults:3 | HP: 43/193 [poisoned by Gorglomux's illusion]
 44781 | Vaults:3 | HP: 47/193 [poisoned by Gorglomux's illusion]
 45048 | Vaults:3 | Reached skill level 12 in Dodging
 45799 | Vaults:4 | Reached skill level 20 in Fighting
 46036 | Vaults:4 | Got an ichor-stained robe
 46050 | Vaults:4 | Found a radiant altar of Vehumet.
 46081 | Vaults:4 | Got a fabulously ornate robe
 46101 | Vaults:4 | Got a transparent hat
 46112 | Vaults:4 | Identified the +0 hat of the Four of Pentacles {rElec MR+ Int+3} (You found it on level 4 of the Vaults)
 46318 | Vaults:4 | Reached XP level 21. HP: 201/201 MP: 27/27
 47215 | Depths:1 | Entered Level 1 of the Depths
 47227 | Depths:1 | Received a gift from Okawaru
 47272 | D:15     | HP: 47/201 [jiangshi[a vampire mage] (7)]
 47908 | Depths:1 | Found a gateway to Hell.
 48210 | Depths:1 | Found a burning altar of Makhleb.
 48212 | Depths:1 | Found a shimmering altar of Xom.
 48212 | Depths:1 | Found a shimmering altar of Xom.
 48214 | Depths:1 | Found an iron altar of Okawaru.
 48214 | Depths:1 | Found a shimmering altar of Xom.
 48214 | Depths:1 | Found a hide-covered altar of Uskayaw.
 48487 | Depths:2 | Reached skill level 13 in Armour
 48688 | Depths:2 | Reached skill level 13 in Dodging
 49292 | Depths:2 | Received a gift from Okawaru
 49558 | Depths:2 | Reached skill level 21 in Fighting
 49696 | Depths:2 | Noticed an ancient lich
 49696 | Depths:2 | Found a gateway to a ziggurat.
 49704 | Depths:2 | Found Buih's One-of-a-Kind Books.
 49715 | Depths:2 | Found a one-way gate to the infinite horrors of the Abyss.
 50080 | Depths:2 | Reached XP level 22. HP: 213/213 MP: 28/28
 50245 | Depths:2 | Noticed a juggernaut
 50266 | Depths:2 | Killed a juggernaut
 50544 | D:14     | Bought Xiosuv's Papyrus of Black Secrets for 640 gold pieces
 50548 | D:14     | Learned a level 3 spell: Regeneration
 50710 | D:6      | Bought a book of Enchantments for 600 gold pieces
 50717 | D:6      | Learned a level 6 spell: Deflect Missiles
 50723 | D:6      | Learned a level 5 spell: Silence
 51249 | Depths:3 | Received a gift from Okawaru
 51390 | Depths:3 | Reached skill level 1 in Necromancy
 51417 | Depths:3 | Reached skill level 1 in Charms
 51423 | Depths:3 | Reached skill level 1 in Air Magic
 51474 | Depths:3 | Received a gift from Okawaru
 51474 | Depths:3 | Reached skill level 1 in Spellcasting
 51483 | Depths:3 | Reached skill level 2 in Necromancy
 51496 | Depths:3 | Found a one-way gate leading to the halls of Pandemonium.
 51863 | Depths:3 | Reached skill level 2 in Charms
 51872 | Depths:3 | Reached skill level 2 in Air Magic
 52257 | Depths:3 | Reached skill level 3 in Necromancy
 52259 | Depths:3 | Paralysed by a great orb of eyes for 4 turns
 52305 | Depths:3 | Reached skill level 2 in Spellcasting
 52723 | Depths:4 | Reached skill level 14 in Armour
 52738 | Depths:4 | Reached skill level 3 in Air Magic
 52783 | Depths:4 | Reached skill level 3 in Charms
 52962 | Depths:4 | Found a shattered altar of Ashenzari.
 53499 | Depths:4 | Reached skill level 4 in Necromancy
 53699 | Depths:4 | Received a gift from Okawaru
 54118 | Depths:5 | Entered Level 5 of the Depths
 54145 | Depths:5 | Reached XP level 23. HP: 212/221 MP: 29/29
 54185 | Depths:5 | Reached skill level 3 in Spellcasting
 54185 | Depths:5 | Reached skill level 4 in Charms
 54290 | Depths:5 | Found a gate to the Realm of Zot.
 54394 | Depths:5 | Received a gift from Okawaru
 54405 | Depths:5 | Gorglomux: ??black knight
 54405 | Depths:5 | beem: black knight's horse barding[1/1]: A +10 centaur barding of ponderousness, with rPois+ and rN+. Wearing it, you still move faster than humans (delay 8). Is considered evil by the good gods; read the description if you don't know why.
 54568 | Depths:5 | Reached skill level 14 in Dodging
 54617 | Depths:5 | Reached skill level 4 in Air Magic
 54692 | Depths:5 | Reached skill level 5 in Necromancy
 54693 | Depths:5 | Gorglomux: !whichgod ce
 54693 | Depths:5 | beem: 271 recent wins: 110x Okawaru, 26x The Shining One, 20x Trog, 13x Ru, 10x Hepliaklqana, 9x Dithmenos, 9x Zin, 8x Qazlal, 8x Ashenzari, 7x Gozag, 6x Xom, 6x Makhleb, 6x Lugonu, 5x Fedhas, 5x Wu Jian, 4x Kikubaaqudgha, 3x Yredelemnul, 3x Nemelex Xobeh, 2x Pakellas, 2x Elyvilon, 2x Cheibriados, 2x Uskayaw, Vehumet, Wudzu, , Jiyva, Sif Muna
 55461 | Depths:5 | Noticed Xtahua
 55468 | Depths:5 | Killed Xtahua
 55468 | Depths:5 | Reached skill level 5 in Charms
 55898 | Depths:4 | Voluntarily entered the Abyss.
 55943 | Abyss:2  | Found a corrupted altar of Lugonu.
 55945 | Abyss:3  | Found a corrupted altar of Lugonu.
 56120 | Abyss:3  | Reached skill level 5 in Air Magic
 56181 | Abyss:3  | Reached skill level 4 in Spellcasting
 56365 | Abyss:3  | Reached skill level 6 in Necromancy
 56400 | Abyss:3  | Received a gift from Okawaru
 56536 | Depths:4 | Escaped the Abyss
 56721 | Depths:4 | Voluntarily entered the Abyss.
 56794 | Abyss:2  | Got an ancient robe
 57117 | Abyss:3  | Got an abyssal rune of Zot
 57128 | Depths:4 | Escaped the Abyss
 57449 | Elf:1    | Entered Level 1 of the Elven Halls
 57858 | Elf:1    | Reached skill level 6 in Charms
 58118 | Elf:1    | Found Natsutiw's Jewellery Boutique.
 58118 | Elf:1    | Found Ynelics's Gadget Emporium.
 58119 | Elf:1    | Found Leczasm's Gadget Emporium.
 58162 | Elf:1    | Bought the amulet of Music {Gourm Str+3} for 562 gold pieces
 58474 | Elf:2    | Found a runed gate.
 58474 | Elf:2    | Found a runed gate.
 58474 | Elf:2    | Found a runed gate.
 58495 | Elf:2    | Reached skill level 6 in Air Magic
 58634 | Elf:2    | Reached skill level 5 in Spellcasting
 58804 | Elf:2    | Reached XP level 24. HP: 230/231 MP: 30/30
 59034 | Elf:3    | Entered Level 3 of the Elven Halls
 59130 | Elf:3    | Reached skill level 22 in Fighting
 59547 | Elf:3    | Received a gift from Okawaru
 59592 | Elf:3    | Got dazzling shadow dragon scales {god gift}
 59607 | Elf:3    | Identified the +5 shadow dragon scales of Least Resistance {rC- Int+6 Dex+8 Stlth++++} (Okawaru gifted it to you on level 3 of the Elven Halls)
 60100 | Elf:3    | Reached skill level 7 in Charms
 60194 | Elf:3    | Got a scintillating copper ring
 60196 | Elf:3    | Identified the ring "Iqonka" {rCorr MR++} (You took it off a deep elf annihilator on level 3 of the Elven Halls)
 60202 | Elf:3    | Got a ring of the Octopus King
 60356 | Elf:3    | Identified a ring of the Octopus King {rCorr AC+1 EV+1 Str+1 Int+1 Dex+1} (You took it off a deep elf demonologist on level 3 of the Elven Halls)
 60894 | Zot:1    | Entered Level 1 of the Realm of Zot
 60971 | Depths:5 | Reached skill level 7 in Air Magic
 61430 | Zot:1    | Reached skill level 6 in Spellcasting
 61510 | Zot:1    | Reached skill level 15 in Armour
 62177 | Zot:2    | Noticed Tiamat
 62235 | Zot:2    | Reached skill level 8 in Charms
 62236 | Zot:2    | Received a gift from Okawaru
 62643 | Zot:2    | Killed Tiamat
 62643 | Zot:2    | Reached skill level 15 in Dodging
 62648 | Zot:2    | Reached skill level 8 in Air Magic
 62708 | Zot:2    | Reached XP level 25. HP: 229/240 MP: 32/32
 62870 | Zot:2    | Received a gift from Okawaru
 62912 | Zot:2    | Reached skill level 7 in Spellcasting
 62997 | Zot:2    | Reached skill level 9 in Charms
 63093 | Zot:3    | Received a gift from Okawaru
 63305 | Zot:4    | Received a gift from Okawaru
 63326 | Zot:5    | Entered Level 5 of the Realm of Zot
 63529 | Zot:5    | Reached skill level 9 in Air Magic
 63720 | Zot:5    | Received a gift from Okawaru
 63750 | Zot:5    | Noticed an ancient lich
 63759 | Zot:5    | Killed an ancient lich
 63889 | Zot:5    | Noticed an orb of fire
 63892 | Zot:5    | Gained mutation: Your body sometimes deteriorates upon taking damage. [an orb of fire]
 63913 | Zot:5    | Gained mutation: Your magical capacity is low. (-10% MP) [an orb of fire]
 63920 | Zot:5    | Killed an orb of fire
 63923 | Zot:5    | Received a gift from Okawaru
 63939 | Zot:5    | Noticed an orb of fire
 63947 | Zot:5    | Gained mutation: You are frail. (-10% HP) [an orb of fire]
 63951 | Zot:5    | Noticed an ancient lich
 63953 | Zot:5    | Gained mutation: You are very frail. (-20% HP) [an orb of fire]
 63954 | Zot:5    | Killed an orb of fire
 63967 | Zot:5    | Killed an ancient lich
 63968 | Zot:5    | Lost mutation: Your body sometimes deteriorates upon taking damage. [potion of mutation]
 63968 | Zot:5    | Lost mutation: Your magical capacity is low. (-10% MP) [potion of mutation]
 63968 | Zot:5    | Lost mutation: You are very frail. (-20% HP) [potion of mutation]
 63968 | Zot:5    | Lost mutation: You are frail. (-10% HP) [potion of mutation]
 63968 | Zot:5    | Gained mutation: You tend to lose your temper in combat. [potion of mutation]
 63968 | Zot:5    | Gained mutation: You expend magic power (3 MP) to strengthen your wands. [potion of mutation]
 63968 | Zot:5    | Gained mutation: You are partially covered in molten scales. (AC +2) [potion of mutation]
 63969 | Zot:5    | Lost mutation: You tend to lose your temper in combat. [potion of mutation]
 63969 | Zot:5    | Lost mutation: You are partially covered in molten scales. (AC +2) [potion of mutation]
 63969 | Zot:5    | Lost mutation: You expend magic power (3 MP) to strengthen your wands. [potion of mutation]
 63969 | Zot:5    | Gained mutation: You are partially covered in iridescent scales. (AC +2) [potion of mutation]
 63969 | Zot:5    | Gained mutation: Your spells are a little harder to cast, but a little more powerful. [potion of mutation]
 64034 | Zot:5    | Reached skill level 8 in Spellcasting
 64073 | Zot:5    | Reached skill level 10 in Charms
 64249 | Zot:5    | Received a gift from Okawaru
 64267 | Zot:5    | Reached XP level 26. HP: 242/249 MP: 31/35
 64305 | Zot:5    | Reached skill level 10 in Air Magic
 64342 | Zot:5    | Reached skill level 23 in Fighting
 64677 | Zot:5    | Noticed an orb of fire
 64678 | Zot:5    | Gained mutation: Your body sometimes deteriorates upon taking damage. [an orb of fire]
 64680 | Zot:5    | Gained mutation: Your magical capacity is low. (-10% MP) [an orb of fire]
 64683 | Zot:5    | Gained mutation: You do not regenerate when monsters are visible. [an orb of fire]
 64684 | Zot:5    | Gained mutation: Scrolls take you a little longer to read. [an orb of fire]
 64695 | Zot:5    | Gained mutation: Scrolls take you longer to read. [an orb of fire]
 64697 | Zot:5    | Gained mutation: You expend magic power (3 MP) to strengthen your wands. [an orb of fire]
 64706 | Zot:5    | Killed an orb of fire
 64706 | Zot:5    | Received a gift from Okawaru
 64711 | Zot:5    | Lost mutation: Scrolls take you longer to read. [potion of mutation]
 64711 | Zot:5    | Lost mutation: Your magical capacity is low. (-10% MP) [potion of mutation]
 64711 | Zot:5    | Lost mutation: Scrolls take you a little longer to read. [potion of mutation]
 64711 | Zot:5    | Lost mutation: Your body sometimes deteriorates upon taking damage. [potion of mutation]
 64711 | Zot:5    | Gained mutation: You are mostly covered in iridescent scales. (AC +4) [potion of mutation]
 64711 | Zot:5    | Gained mutation: Potions are less effective at restoring your health. [potion of mutation]
 64711 | Zot:5    | Gained mutation: Your spells are harder to cast, but more powerful. [potion of mutation]
 64712 | Zot:5    | Lost mutation: Your spells are harder to cast, but more powerful. [potion of mutation]
 64712 | Zot:5    | Lost mutation: Your spells are a little harder to cast, but a little more powerful. [potion of mutation]
 64712 | Zot:5    | Lost mutation: You do not regenerate when monsters are visible. [potion of mutation]
 64712 | Zot:5    | Lost mutation: You are mostly covered in iridescent scales. (AC +4) [potion of mutation]
 64712 | Zot:5    | Lost mutation: You expend magic power (3 MP) to strengthen your wands. [potion of mutation]
 64712 | Zot:5    | Lost mutation: Potions are less effective at restoring your health. [potion of mutation]
 64712 | Zot:5    | Gained mutation: You are partially covered in molten scales. (AC +2) [potion of mutation]
 64712 | Zot:5    | Gained mutation: Your magical capacity is low. (-10% MP) [potion of mutation]
 64712 | Zot:5    | Gained mutation: You are somewhat resistant to further mutation. [potion of mutation]
 64712 | Zot:5    | Gained mutation: Your flesh is cold resistant. (rC+) [potion of mutation]
 65008 | Zot:5    | Received a gift from Okawaru
 65011 | Zot:5    | Got a transparent centaur barding {god gift}
 65366 | Zot:5    | Gorglomux: OK
 65366 | Zot:5    | Gorglomux: LET NOT FUCK THIS ONE
 65368 | Zot:5    | Got a transparent marble ring
 65370 | Zot:5    | Identified the ring "Vunuw" {rPois rN+ Str+3 Stlth-} (You acquired it on level 5 of the Realm of Zot)
 65373 | Zot:5    | Gorglomux: alright lets go
 65373 | Zot:5    | Got the Orb of Zot
 65393 | Zot:5    | Paralysed by a Zot trap for 3 turns
 65474 | Zot:5    | HP: 58/250 [storm dragon (5)]
 65480 | Zot:5    | HP: 56/250 [storm dragon (25)]
 65485 | Zot:5    | Reached skill level 16 in Armour
 65490 | Zot:5    | Noticed an ancient lich
 65508 | Zot:5    | Killed an ancient lich
 65508 | Zot:5    | Reached skill level 11 in Charms
 65515 | Zot:5    | Gorglomux: wew
 65664 | Zot:2    | Reached skill level 9 in Spellcasting
 65740 | Zot:1    | Gained mutation: You are frail. (-10% HP) [a cacodemon]
 65944 | D:15     | Noticed Oholis the pandemonium lord
 65944 | D:15     | Gorglomux: ah
 65974 | D:15     | Noticed Retwitza the pandemonium lord
 65974 | D:15     | Gorglomux: AH
 66101 | D:11     | Noticed Nunoacw the pandemonium lord
 66101 | D:11     | Gorglomux: meh
 66314 | D:2      | Reached skill level 16 in Dodging
 66352 | D:1      | Gorglomux: NAILED IT
 66353 | D:$      | Escaped with the Orb!

Vault maps used:
D:1:      dpeg_arrival_water_altar, serial_glass, glass_columns_a,
          glass_columns_a, minmay_misc_feat_tiny, minmay_pentomino_z4
D:2:      grunt_dithmenos_smoke_and_mirrors, kennysheep_crisscross
D:3:      grunt_temple_overflow_forces_of_nature,
          chequers_ecumenical_altar_island, uniq_robin, uniq_iyjb
D:4:      first_bread
D:5:      lemuel_upstairs_altar, gammafunk_temple_overflow_pools,
          enter_ossuary_5, serial_park_tiny_1, abandoned_shop
D:6:      grunt_temple_overflow_bloody_war, lemuel_coloured_pillars_altar,
          kennysheep_mini_moat, serial_shops, shop, nemelex_lonely_heart_becter,
          uniq_duvessa, uniq_pikel
D:7:      nicolae_overflow_crystal_walls, minmay_temple_entry_statues_fountains,
          the_bakery
D:8:      kennysheep_mini
D:9:      lemuel_round_altar, elyvilon_altar_3
D:11:     minmay_imperfect_grid, minmay_lair_entry_grove,
          serial_co_window_serial, co_window_of_opportunity_a,
          co_window_paths_a, co_window_corner_a, co_window_cross_1,
          co_window_paths_a, co_window_corner_a, co_window_paths_a,
          co_window_corner_b, co_window_paths_c, glass_columns_c,
          glass_columns_a, glass_columns_c, minmay_orc_keep
D:12:     david_orc_4
D:13:     doesnt_quadruple_sword, uniq_nessos
D:14:     grunt_vaults_entry_tiered, serial_shops, shop_statue,
          guppyfry_shop_blood
D:15:     grunt_enter_depths_magical_seal, portal_ice_cave_rime,
          lemuel_doored_altar, eino_house_with_fridge, uniq_azrael, uniq_roxanne
Lair:1:   infiniplex_staircase_pool, serial_bayou_shore_a
Lair:2:   nicolae_swamp_entry_splash_gauntlet, basic_altar
Lair:3:   wad_woods_pond
Lair:4:   dummy_snake_entry, nicolae_volcano_entry_hallway, beast_lair_carwin_4,
          serial_bayou_shore_b, grunt_megastairs_1
Lair:5:   slime_altar_1
Lair:6:   gammafunk_lair_ancient_temple, basic_altar
Swamp:1:  wheals_swamp_sinkhole, swamp_pool3, uniq_donald, uniq_josephine
Swamp:2:  evilmike_swamp_ruin_house_4
Swamp:3:  nicolae_swamp_orc_logging_accident, uniq_kirke
Swamp:4:  swamp_fiery, swamp_pool3, roderic_carrion_pond
Snake:2:  basic_altar
Snake:3:  basic_altar, st_stairs_6, serial_bayou_lake_a, grunt_megastairs_3
Snake:4:  johnstein_snake_rune_scales, uniq_aizul
Orc:1:    serial_shops, shop
Orc:2:    st_orc_open, basic_altar
Elf:1:    eino_elf_arrival_the_gate, minmay_elf_crystal_hexagon,
          minmay_shop_grove
Elf:3:    minmay_elf_hall_quartered_circle, minivault_20
Vaults:1: ontoclasm_vaults_pinch, v_misc_9, v_misc_10, v_misc_23,
          nicolae_vaults_circle_grid_b, hangedman_vaults_stretched_pinwheel,
          ontoclasm_vaults_chip
Vaults:2: vaults_room_corners, nicolae_vaults_triangles, st_star,
          vaults_dpeg_ring, grunt_vaults_diagonal, vaults_mumra_lcd,
          minmay_crypt_entry_simple_box, ontoclasm_vaults_ligature, v_misc_27,
          grunt_vaults_hallway_short, grunt_vaults_funnel, serial_shops, shop,
          serial_glass, uniq_sojobo
Vaults:3: nicolae_vaults_twisting_passages, v_alt_pattern_4, serial_ice_m,
          vaults_room_ringed_pool, vaults_room_pool, vaults_dpeg_doors,
          hangedman_vaults_maws, ontoclasm_vaults_loading_screen, uniq_mara,
          uniq_margery
Vaults:4: grunt_tower_of_power, vaults_room_pool, vaults_dpeg_hooks,
          vaults_dpeg_spiral, vaults_dpeg_cross, v_misc_15,
          hangedman_vaults_river_flow, nicolae_vaults_asterisk,
          ontoclasm_vaults_gateway, v_misc_29, v_misc_13,
          nicolae_vaults_disjoint_gnomons, nicolae_vaults_little_squares_3,
          nicolae_vaults_little_squares_2, ontoclasm_vaults_hangar,
          nicolae_vaults_inception_scallops, vaults_mumra_hex, vaults_room_pools
Depths:1: hangedman_coc_ice_floe, doesnt_xom_only_xom, grunt_megastairs_2,
          firewood_loft
Depths:2: kennysheep_water_balloons, enter_ziggurat_d, grunt_mini_vestibule,
          abyss_entry, infiniplex_staircase_diamond, nicolae_rare_books
Depths:3: evilmike_cross, hell_entry, pan_entry, roderic_lattice_a,
          serial_bayou_shore_b
Depths:4: nooodl_glass_maze, rand_demon_pan_entry_9, abyss_entry,
          serial_sigils_hangedman_etch, hell_entry,
          hangedman_abyss_or_decor_stagger, ashenzari_altar_1
Depths:5: evilmike_zot_entry_diamond, interstate_on_off, hell_entry,
          corexii_hall_statues_i, uniq_xtahua
Zot:1:    nicolae_moth_party
Zot:2:    kennysheep_blocky_room, grunt_ministairs_1, hangedman_zot_spectrum,
          uniq_tiamat
Zot:3:    kennysheep_six_static_rooms, grunt_ministairs_11
Abyss:1:  minivault_24, hangedman_abyss_monster_moat
Abyss:3:  nicolae_abyss_rune_star_stuff, evilmike_abyss_rune_tso_outpost,
          evilmike_abyss_exit_10
Ossuary:  ossuary_tomb_3
IceCv:    ice_cave_small_giant
Volcano:  volcano_grotto

Skill      XL: |  1  2  3  4  5  6  7  8  9 10 11 12 13 14 15 16 17 18 19 20 21 22 23 24 25 26 |
---------------+-------------------------------------------------------------------------------+-----
Fighting       | 3 4 5 6 8 10 11 12 14 15 16 17 18 19 20 21 22 23 | 23.2
Bows           | 6 7 8 9 11 13 14 16 18 19 20 21 | 21.2
Polearms       | 4 6 9 10 11 12 13 | 13.9
Invocations    | 4 8 9 |  9.0
Armour         | 4 5 6 7 8 9 11 12 13 14 15 16 | 16.1
Dodging        | 2 5 6 7 8 9 11 12 13 14 15 16 | 16.0
Necromancy     | 4 6 |  6.4
Charms         | 3 6 8 10 11 | 11.2
Air Magic      | 3 6 8 9 10 | 10.9
Spellcasting   | 2 5 6 8 9 |  9.1
Stealth        | |  0.5

Action                   |  1- 3 |  4- 6 |  7- 9 | 10-12 | 13-15 | 16-18 | 19-21 | 22-24 | 25-27 || total
-------------------------+-------+-------+-------+-------+-------+-------+-------+-------+-------++-------
Melee: Short sword       |   107 |    91 |       |       |       |       |       |       |       ||   198
       Kick              |    22 |    34 |   102 |   109 |   184 |    71 |   520 |   196 |    49 ||  1287
       Trident           |       |   101 |   518 |   404 |       |       |       |       |       ||  1023
       Bardiche          |       |       |       |    27 |    60 |       |       |       |       ||    87
       Unarmed           |       |       |       |       |     5 |       |       |       |       ||     5
       Demon trident     |       |       |       |       |   438 |   207 |  1181 |   457 |   106 ||  2389
       Punch             |       |       |       |       |     4 |     2 |     7 |     3 |     4 ||    20
       Longbow           |       |       |       |       |       |       |       |     2 |     1 ||     3
 Fire: Shortbow          |    18 |    19 |    31 |   634 |   295 |       |       |       |       ||   997
       Longbow           |       |       |       |       |   742 |  1541 |   952 |  1832 |   670 ||  5737
Throw: Stone             |    53 |    46 |     3 |       |       |       |       |       |       ||   102
       Tomahawk          |       |    33 |   111 |    57 |    79 |     7 |    77 |    15 |       ||   379
 Cast: Regeneration      |       |       |       |       |       |       |       |    35 |    14 ||    49
       Deflect Missiles  |       |       |       |       |       |       |       |       |     3 ||     3
Invok: Finesse           |       |       |       |       |    15 |    13 |    13 |    10 |     9 ||    60
       Heroism           |       |       |       |       |     7 |     7 |     7 |    10 |     7 ||    38
Evoke: Lamp of fire      |       |       |       |       |       |       |       |     1 |       ||     1
       Wand              |       |       |       |       |       |       |       |       |     5 ||     5
  Use: Scroll            |     1 |       |    15 |    15 |    16 |    10 |     7 |     9 |    10 ||    83
       Potion            |       |       |     2 |       |     3 |       |     4 |     6 |    16 ||    31
 Stab: Sleeping          |       |     1 |     1 |       |       |       |       |       |       ||     2
       Confused          |       |       |       |       |       |       |     2 |       |       ||     2
  Eat: Chunk             |     2 |     7 |    14 |    30 |    49 |    41 |    76 |    67 |    13 ||   299
       Bread ration      |       |       |       |       |       |     2 |     1 |       |     2 ||     5
Armor: Leather armour    |    56 |    73 |   171 |       |       |       |       |       |       ||   300
       Chain mail        |       |       |    39 |   447 |   536 |   380 |   700 |   303 |       ||  2405
       Skin              |       |       |    34 |       |       |       |       |       |       ||    34
       Swamp dragon scal |       |       |       |       |       |    75 |   165 |       |       ||   240
       Shadow dragon sca |       |       |       |       |       |       |       |   228 |   192 ||   420
Dodge: Dodged            |    66 |    86 |   199 |   130 |   390 |   190 |   561 |   428 |   194 ||  2244
       Deflected         |       |       |       |       |       |       |       |       |    17 ||    17

Vault maps used:
D:1:      dpeg_arrival_water_altar, serial_glass, glass_columns_a,
          glass_columns_a, minmay_misc_feat_tiny, minmay_pentomino_z4
D:2:      grunt_dithmenos_smoke_and_mirrors, kennysheep_crisscross
D:3:      grunt_temple_overflow_forces_of_nature,
          chequers_ecumenical_altar_island, uniq_robin, uniq_iyjb
D:4:      first_bread
D:5:      lemuel_upstairs_altar, gammafunk_temple_overflow_pools,
          enter_ossuary_5, serial_park_tiny_1, abandoned_shop
D:6:      grunt_temple_overflow_bloody_war, lemuel_coloured_pillars_altar,
          kennysheep_mini_moat, serial_shops, shop, nemelex_lonely_heart_becter,
          uniq_duvessa, uniq_pikel
D:7:      nicolae_overflow_crystal_walls, minmay_temple_entry_statues_fountains,
          the_bakery
D:8:      kennysheep_mini
D:9:      lemuel_round_altar, elyvilon_altar_3
D:11:     minmay_imperfect_grid, minmay_lair_entry_grove,
          serial_co_window_serial, co_window_of_opportunity_a,
          co_window_paths_a, co_window_corner_a, co_window_cross_1,
          co_window_paths_a, co_window_corner_a, co_window_paths_a,
          co_window_corner_b, co_window_paths_c, glass_columns_c,
          glass_columns_a, glass_columns_c, minmay_orc_keep
D:12:     david_orc_4
D:13:     doesnt_quadruple_sword, uniq_nessos
D:14:     grunt_vaults_entry_tiered, serial_shops, shop_statue,
          guppyfry_shop_blood
D:15:     grunt_enter_depths_magical_seal, portal_ice_cave_rime,
          lemuel_doored_altar, eino_house_with_fridge, uniq_azrael, uniq_roxanne
Lair:1:   infiniplex_staircase_pool, serial_bayou_shore_a
Lair:2:   nicolae_swamp_entry_splash_gauntlet, basic_altar
Lair:3:   wad_woods_pond
Lair:4:   dummy_snake_entry, nicolae_volcano_entry_hallway, beast_lair_carwin_4,
          serial_bayou_shore_b, grunt_megastairs_1
Lair:5:   slime_altar_1
Lair:6:   gammafunk_lair_ancient_temple, basic_altar
Swamp:1:  wheals_swamp_sinkhole, swamp_pool3, uniq_donald, uniq_josephine
Swamp:2:  evilmike_swamp_ruin_house_4
Swamp:3:  nicolae_swamp_orc_logging_accident, uniq_kirke
Swamp:4:  swamp_fiery, swamp_pool3, roderic_carrion_pond
Snake:2:  basic_altar
Snake:3:  basic_altar, st_stairs_6, serial_bayou_lake_a, grunt_megastairs_3
Snake:4:  johnstein_snake_rune_scales, uniq_aizul
Orc:1:    serial_shops, shop
Orc:2:    st_orc_open, basic_altar
Elf:1:    eino_elf_arrival_the_gate, minmay_elf_crystal_hexagon,
          minmay_shop_grove
Elf:3:    minmay_elf_hall_quartered_circle, minivault_20
Vaults:1: ontoclasm_vaults_pinch, v_misc_9, v_misc_10, v_misc_23,
          nicolae_vaults_circle_grid_b, hangedman_vaults_stretched_pinwheel,
          ontoclasm_vaults_chip
Vaults:2: vaults_room_corners, nicolae_vaults_triangles, st_star,
          vaults_dpeg_ring, grunt_vaults_diagonal, vaults_mumra_lcd,
          minmay_crypt_entry_simple_box, ontoclasm_vaults_ligature, v_misc_27,
          grunt_vaults_hallway_short, grunt_vaults_funnel, serial_shops, shop,
          serial_glass, uniq_sojobo
Vaults:3: nicolae_vaults_twisting_passages, v_alt_pattern_4, serial_ice_m,
          vaults_room_ringed_pool, vaults_room_pool, vaults_dpeg_doors,
          hangedman_vaults_maws, ontoclasm_vaults_loading_screen, uniq_mara,
          uniq_margery
Vaults:4: grunt_tower_of_power, vaults_room_pool, vaults_dpeg_hooks,
          vaults_dpeg_spiral, vaults_dpeg_cross, v_misc_15,
          hangedman_vaults_river_flow, nicolae_vaults_asterisk,
          ontoclasm_vaults_gateway, v_misc_29, v_misc_13,
          nicolae_vaults_disjoint_gnomons, nicolae_vaults_little_squares_3,
          nicolae_vaults_little_squares_2, ontoclasm_vaults_hangar,
          nicolae_vaults_inception_scallops, vaults_mumra_hex, vaults_room_pools
Depths:1: hangedman_coc_ice_floe, doesnt_xom_only_xom, grunt_megastairs_2,
          firewood_loft
Depths:2: kennysheep_water_balloons, enter_ziggurat_d, grunt_mini_vestibule,
          abyss_entry, infiniplex_staircase_diamond, nicolae_rare_books
Depths:3: evilmike_cross, hell_entry, pan_entry, roderic_lattice_a,
          serial_bayou_shore_b
Depths:4: nooodl_glass_maze, rand_demon_pan_entry_9, abyss_entry,
          serial_sigils_hangedman_etch, hell_entry,
          hangedman_abyss_or_decor_stagger, ashenzari_altar_1
Depths:5: evilmike_zot_entry_diamond, interstate_on_off, hell_entry,
          corexii_hall_statues_i, uniq_xtahua
Zot:1:    nicolae_moth_party
Zot:2:    kennysheep_blocky_room, grunt_ministairs_1, hangedman_zot_spectrum,
          uniq_tiamat
Zot:3:    kennysheep_six_static_rooms, grunt_ministairs_11
Abyss:1:  minivault_24, hangedman_abyss_monster_moat
Abyss:3:  nicolae_abyss_rune_star_stuff, evilmike_abyss_rune_tso_outpost,
          evilmike_abyss_exit_10
Ossuary:  ossuary_tomb_3
IceCv:    ice_cave_small_giant
Volcano:  volcano_grotto

Table legend:
 A = Turns spent in this place as a percentage of turns spent in the entire game.
 B = Non-inter-level travel turns spent in this place as a percentage of non-inter-level travel turns spent in the entire game.
 C = Inter-level travel turns spent in this place as a percentage of turns spent in this place.
 D = Turns resting spent in this place as a percentage of non-inter-level travel turns spent in this place.
 E = Turns spent auto-exploring this place as a percentage of non-inter-level travel turns spent in this place.
 F = Non-inter-level travel turns spent in this place divided by the number of levels of this place that you've seen.
                   A       B       C       D       E      F
               +-------+-------+-------+-------+-------+----------------------
         Total | 100.0 | 100.0 |   0.4 |   2.5 |   6.2 | 511.4
       Dungeon |  29.2 |  29.2 |   0.6 |   1.8 |   6.7 | 567.3
          Lair |   8.4 |   8.4 |   0.4 |   0.7 |   6.4 | 406.0
         Swamp |   5.3 |   5.3 |   0.3 |   2.8 |   6.1 | 384.8
     Snake Pit |   9.0 |   9.0 |   0.2 |   8.8 |   7.9 | 659.2
  Orcish Mines |   2.4 |   2.4 |   0.8 |   0.3 |  12.8 | 355.5
   Elven Halls |   5.4 |   5.4 |   0.3 |   1.4 |   8.8 | 522.3
        Vaults |   9.1 |   9.1 |   0.2 |   2.5 |   8.3 | 661.5
        Depths |  14.3 |  14.3 |   0.5 |   1.9 |   6.1 | 833.0
           Zot |  10.1 |  10.0 |   0.7 |   2.4 |   1.4 | 585.6
         Abyss |   3.4 |   3.4 |   0.0 |   1.0 |   0.6 | 165.0
       Ossuary |   0.7 |   0.7 |   0.0 |   3.1 |   4.6 | 194.0
      Ice Cave |   1.4 |   1.4 |   0.0 |   0.0 |   3.2 | 411.0
       Volcano |   1.4 |   1.4 |   0.0 |   8.2 |   2.9 | 416.0
               +-------+-------+-------+-------+-------+----------------------

Table legend:
 A = Kills in this place as a percentage of kills in entire the game.
 B = Kills by you in this place as a percentage of kills by you in the entire game.
 C = Kills by friends in this place as a percentage of kills by friends in the entire game.
 D = Other kills in this place as a percentage of other kills in the entire game.
 E = Experience gained in this place as a percentage of experience gained in the entire game.
 F = Experience gained in this place divided by the number of levels of this place that you have seen.
                   A       B       C       D       E      F
               +-------+-------+-------+-------+-------+----------------------
         Total | 100.0 | 100.0 |  -nan | 100.0 | 100.0 | 25228.2
       Dungeon |  25.6 |  25.7 |  -nan |   0.0 |   7.6 | 7285.1
          Lair |   8.2 |   8.2 |  -nan |   0.0 |   3.9 | 9342.2
         Swamp |   7.4 |   7.4 |  -nan |   0.0 |   5.5 | 19798.8
     Snake Pit |   9.9 |  10.0 |  -nan |   0.0 |   9.1 | 32581.8
  Orcish Mines |   3.8 |   3.8 |  -nan |   0.0 |   1.6 | 11153.5
   Elven Halls |   4.5 |   4.5 |  -nan |   0.0 |   6.4 | 30593.7
        Vaults |  12.4 |  12.4 |  -nan |   0.0 |  14.4 | 51843.2
        Depths |  14.5 |  14.5 |  -nan |  33.3 |  21.8 | 62712.4
           Zot |   7.2 |   7.2 |  -nan |  33.3 |  25.7 | 73909.0
         Abyss |   3.1 |   3.1 |  -nan |  33.3 |   3.0 | 7149.0
       Ossuary |   0.7 |   0.7 |  -nan |   0.0 |   0.0 | 178.0
      Ice Cave |   1.5 |   1.5 |  -nan |   0.0 |   0.7 | 9753.0
       Volcano |   1.0 |   1.0 |  -nan |   0.0 |   0.4 | 5763.0
               +-------+-------+-------+-------+-------+----------------------
